 Dungeon Crawl Stone Soup version 0.28-a0-595-g9f6c0e134a (webtiles) character file.

Game seed: 11626538929615946772

59 meatgazer the Skirmisher (level 3, -2/29 HPs)
             Began as a Demonspawn Abyssal Knight on Oct 4, 2021.
             Was a Follower of Lugonu.
             Slain by Grinder (3 damage)
             ... while paralysed by Grinder
             ... on level 4 of the Dungeon.
             The game lasted 00:02:51 (2757 turns).

meatgazer the Skirmisher (DsAK)                     Turns: 2757, Time: 00:02:52

Health: -2/29      AC:  3    Str: 14    XL:     3   Next: 78%
Magic:  5/5        EV:  2    Int: 11    God:    Lugonu [*.....]
Gold:   275        SH:  0    Dex: 13    Spells: 2/2 levels left

rFire   . . .      SeeInvis .   a - +1 falchion
rCold   . . .      Faith    .   (no shield)
rNeg    . . .      Spirit   .   b - +0 leather armour
rPois   .          Reflect  .   (no helmet)
rElec   .          Harm     .   (no cloak)
rCorr   .          Rampage  .   (no gloves)
Will    .....                   (no boots)
Stlth   +.........              (no amulet)
HPRegen 0.09/turn               (no ring)
MPRegen 0.09/turn               (no ring)

@: paralysed
A: claws 1, spiny 1
a: Renounce Religion, Depart the Abyss


You were on level 4 of the Dungeon.
You worshipped Lugonu.
Lugonu was aware of your devotion.
You visited 1 branch of the dungeon, and saw 4 of its levels.
You visited the Abyss 1 time.

You collected 275 gold pieces.

Inventory:

Hand Weapons
 a - a +1 falchion (weapon)
Armour
 b - a +0 leather armour (worn)
Magical Staves
 g - a staff of poison
Wands
 e - a wand of iceblast (13)
Scrolls
 c - a scroll of teleportation
 d - 2 scrolls of identify
Potions
 f - a potion of brilliance {unknown}


   Skills:
 + Level 3.6 Fighting
 + Level 2.6 Long Blades
 - Level 1.7 Armour
 - Level 0.8 Dodging
 + Level 3.6 Invocations


You had 2 spell levels left.
You didn't know any spells.
Your spell library contained the following spells:

 Spells                   Type           Power      Damage    Failure   Level
 Magic Dart               Conj           0%         1d3       41%         1
 Call Imp                 Summ           0%         N/A       54%         2
 Corpse Rot               Necr/Air       N/A        N/A       54%         2
 Mephitic Cloud           Conj/Pois/Air  0%         N/A       78%         3
 Dispel Undead            Necr           0%         3d6       99%         4
 Death Channel            Necr           0%         N/A       100%        6


Dungeon Overview and Level Annotations

Branches:
Dungeon (4/15)
 Temple: D:4-7

Altars:
Ru

Annotations:
D:4 Grinder


Innate Abilities, Weirdness & Mutations

You have sharp fingernails.
You are partially covered in sharp spines.


Message History

The ball python is struck by your spines.
The ball python closely misses you.
You hit the ball python.
You kill the ball python!
Lugonu accepts your kill.
You hit Grinder.
Grinder is severely wounded.
Grinder gestures at you. You resist with significant effort.
You hit Grinder.
Grinder is severely wounded.
Grinder gestures at you. You resist with significant effort.
Grinder is struck by your spines. Grinder hits you.
You hit Grinder.
Grinder is almost dead.
Grinder is struck by your spines. Grinder hits you.
You hit Grinder but do no damage.
Grinder is almost dead.
Grinder hits you.
You writhe in agony.
You hit Grinder.
Grinder is almost dead.
Grinder gestures at you.
You barely resist. You barely miss Grinder.
Grinder is almost dead.
Grinder gestures at you.
You suddenly lose the ability to move!
Grinder is struck by your spines. Grinder hits you!
* * * LOW HITPOINT WARNING * * *
You writhe in agony.
* * * LOW HITPOINT WARNING * * *
Grinder says, "Wait up."
Grinder gestures at you.
You shrug off the repeated paralysis!
Grinder barely misses you. Grinder is struck by your spines. Grinder hits you.
* * * LOW HITPOINT WARNING * * *
You writhe in agony.
You die...

.... .. ...
#.. ..# ....
#.# ...#
#.#+#..##
#####...$...#
#...........#.
#.....@5......
#....<#....#..
##....#....+
#.......+..#.#
........#... #
........#.###
........#.#
........#.#
........#


You could see Grinder.

Vanquished Creatures
  2 adders
  A worm (D:3)
  2 ball pythons
  2 endoplasms
  2 giant cockroaches (D:3)
  6 goblins
  3 hobgoblins
  A quokka (D:3)
  4 bats
  4 frilled lizards
  5 kobolds
  5 rats
37 creatures vanquished.

Notes
Turn   | Place    | Note
-------+----------+-------------------------------------------
     0 | Abyss:1  | meatgazer the Demonspawn Abyssal Knight began the quest for
                  | the Orb.
     0 | Abyss:1  | Reached XP level 1. HP: 18/18 MP: 2/2
    63 | Abyss:2  | Noticed a worldbinder
    65 | Abyss:2  | Noticed a mana viper
    65 | Abyss:2  | Noticed a mana viper
    95 | Abyss:4  | Noticed an ettin
   104 | Abyss:4  | Found a corrupted altar of Lugonu.
   127 | Abyss:4  | Noticed a dire elephant zombie
   136 | Abyss:4  | Noticed a chaos spawn
   138 | Abyss:4  | Noticed a flying skull
   138 | Abyss:4  | Noticed a flying skull
   139 | D:1      | Escaped the Abyss
   441 | D:1      | Reached * piety under Lugonu
   445 | D:1      | Gained mutation: You are partially covered in sharp spines.
                  | [demonic ancestry]
   445 | D:1      | Reached XP level 2. HP: 23/24 MP: 4/4
   680 | D:1      | Found a faded altar of an unknown god.
   945 | D:2      | You fall into a shaft and drop 1 floor!
  1363 | D:2      | Gained mutation: You have sharp fingernails. [demonic
                  | ancestry]
  1363 | D:2      | Reached XP level 3. HP: 13/27 MP: 5/5
  2216 | D:3      | Found a sacrificial altar of Ru.
  2740 | D:4      | Noticed Grinder
  2753 | D:4      | Paralysed by Grinder for 6 turns
  2757 | D:4      | HP: 1/29 [Grinder (3)]
  2757 | D:4      | Slain by Grinder

Illustrated notes

Levels and vault maps discovered:
D:1:      ncdulo_lavacross, layout_basic, basic_ecumenical_altar
D:2:      layout_rooms
D:3:      layout_rooms, mainiacjoe_overflow_cross_hatched, serial_bayou,
          serial_bayou_pond_a, serial_bayou_shore_a, serial_bayou_pond_d,
          serial_bayou_pond_e
D:4:      minmay_skewed_foursquare, layout_basic, grunt_temple_overflow_open,
          uniq_blork_the_orc, uniq_duvessa, uniq_grinder

Skill      XL: |  1  2 |
---------------+-------+-----
Long Blades    | 2 |  2.6
Invocations    | 3 |  3.6
Fighting       | |  3.6
Armour         | |  1.7
Dodging        | |  0.8

Action                   || total
-------------------------++-------
Melee: Falchion          ||    77
Invok: Depart the Abyss  ||     1
  Use: Scroll            ||     4
Armor: Leather armour    ||    18
Dodge: Dodged            ||    33

Table legend: (Time is in decaauts)
 A = Elapsed time spent in this place.
 B = Non-inter-level travel time spent in this place.
 C = Inter-level travel time spent in this place.
 D = Time resting spent in this place.
 E = Time spent auto-exploring this place.
 F = Levels seen in this place.
 G = Mean time per level.
                   A        B        C        D        E       F      G
               +--------+--------+--------+--------+--------+-----+--------+
         Total |   2787 |   2730 |     57 |    800 |   1601 |   8 |  348.4 |
       Dungeon |   2648 |   2591 |     57 |    800 |   1545 |   4 |  662.0 |
         Abyss |    138 |    138 |      0 |      0 |     56 |   4 |   34.5 |
               +--------+--------+--------+--------+--------+-----+--------+

Top non-repeatable levels by time:
     D:2: 1136 daAuts
     D:3: 768 daAuts
     D:1: 725 daAuts
 Abyss:1: 48 daAuts
 Abyss:4: 43 daAuts
 Abyss:3: 29 daAuts
     D:4: 18 daAuts
 Abyss:2: 16 daAuts
